 Dungeon Sprint DCSS version 0.22-a0-570-g58866f5 (webtiles) character file.

1003 emperorscorpion the Zephyrmancer (level 8, -12/54 HPs)
             Began as an Octopode Air Elementalist on June 30, 2018.
             Was an Elder of Sif Muna.
             Shot with an arrow by a centaur warrior (28 damage)
             ... in the Dungeon (Sprint IX: "|||||||||||||||||||||||||||||").
             The game lasted 00:03:57 (757 turns).

emperorscorpion the Zephyrmancer (OpAE)              Turns: 757, Time: 00:03:59

Health: -12/54     AC:  1    Str:  8    XL:     8   Next: 20%
Magic:  21/21      EV: 15    Int: 24    God:    Sif Muna [****..]
Gold:   0          SH:  0    Dex: 13    Spells: 14/26 levels left

rFire    . . .     SeeInvis .   b - staff of energy
rCold    . . .     Gourm    .   (no shield)
rNeg     . . .     Faith    .   (helmet restricted)
rPois    .         Spirit   .   (no amulet)
rElec    .         Reflect  .   o - +3 ring of intelligence
rCorr    .         Harm     .   p - +3 ring of intelligence
MR       .....     NoTele   +   (no ring)
Stlth    +++.......             (no ring)
HPRegen  0.18/turn              (no ring)
MPRegen  0.17/turn              (no ring)
                                (no ring)
                                (no ring)

@: lethally poisoned (-12 -> -17)
A: almost no armour, stealthy swim, amphibious, 8 rings, constrict 8, camouflage
1, gelatinous body 1
a: Divine Energy, Channel Magic, Forget Spell, Renounce Religion


You were in the Dungeon.
You worshipped Sif Muna.
Sif Muna was greatly pleased with you.
You were not hungry.

You visited 1 branch

Inventory:

Hand Weapons
 a - a +2 scimitar of holy wrath
 i - a +3 short sword
Magical Staves
 b - an uncursed staff of energy (weapon)
Jewellery
 o - a +3 ring of intelligence (left tentacle)
 p - a +3 ring of intelligence (right tentacle)
Wands
 l - a wand of acid (3)
Scrolls
 h - 2 scrolls of blinking
 j - 3 scrolls of remove curse
 k - 2 scrolls of amnesia
Potions
 c - 5 potions of curing
 e - a potion of haste
 f - 4 potions of magic
 g - a potion of invisibility
Comestibles
 m - a ration
 n - 2 chunks of flesh


   Skills:
 + Level 4.6 Fighting
 - Level 0.8 Short Blades
 + Level 5.2 Dodging
 - Level 2.6 Stealth
 + Level 9.5 Spellcasting
 + Level 3.9 Conjurations
 + Level 12.0 Air Magic


You had 14 spell levels left.
You knew the following spells:

 Your Spells              Type           Power        Failure   Level  Hunger
a - Shock                 Conj/Air       ####         1%          1    None
b - Swiftness             Chrm/Air       #####...     1%          2    None
c - Airstrike             Air            ######....   1%          4    None
d - Lightning Bolt        Conj/Air       #####.....   6%          5    None

Your spell library contained the following spells:

 Spells                   Type           Power        Failure   Level  Hunger
 Static Discharge         Conj/Air       #####...     1%          3    None


Dungeon Overview and Level Annotations

Branches:
Dungeon (1/1)

Altars:
Cheibriados
Dithmenos
Elyvilon
Fedhas
Gozag
Hepliaklqana
Kikubaaqudgha
Makhleb
Nemelex Xobeh
Okawaru
Qazlal
Ru
Sif Muna
Trog
Uskayaw
Vehumet
Wu Jian
Xom
Yredelemnul
Zin
The Shining One
Beogh
Jiyva
Lugonu


Innate Abilities, Weirdness & Mutations

You cannot wear most types of armour.
You are very stealthy in the water. (Stealth+)
You are amphibious.
You can wear up to eight rings at the same time.
You can use your tentacles to constrict eight enemies at once.
Your skin changes colour to match your surroundings (Stealth+).
Your rubbery body absorbs attacks. (AC +1, EV +1)


Message History

The ogre is heavily wounded.
The centaur warrior shoots an arrow.
The arrow hits you!
Evoke which item? (* to show all) (? for menu, Esc to quit)
Aiming: Corrosive Bolt
Press: ? - help, Shift-Dir - straight line, f/p - centaur warrior
Aim: a centaur warrior, wielding a shortbow (heavily wounded, covered in acid)
The bolt of acid hits the centaur warrior.
The centaur warrior is splashed with acid.
The acid corrodes the centaur warrior!
The centaur warrior is almost dead.
The bolt of acid misses the big kobold.
The bolt of acid hits the ogre.
The ogre is splashed with acid.
The acid corrodes the ogre!
You kill the ogre!
Sif Muna accepts your kill.
Your Air Magic skill increases to level 12!
You feel sick.
The centaur warrior shoots an arrow.
The arrow barely misses you.
The centaur warrior shoots an arrow.
The arrow hits you!!
Ouch! That really hurt!
You die...

▓.▓
▓.▓
▓.▓
▓o▓
▓K▓
▓c▓
▓)▓
▓@▓
▓.▓
▓.▓
▓.▓
▓.▓
▓(▓
▓'▓
▓.▓
▓.▓


You could see a centaur warrior, a big kobold and an orc.

Vanquished Creatures
  A meliai (D)
  A wraith (D)
  A yak (D)
  2 sky beasts (D)
  An ice beast (D)
  An ogre (D)
  A killer bee (D)
  A wight (D)
  A crimson imp (D)
  An adder (D)
  2 dart slugs (D)
  A leopard gecko (D)
  2 orcs (D)
  A bat (D)
  A kobold (D)
  A rat (D)
19 creatures vanquished.

Notes
Turn   | Place    | Note
-------+----------+-------------------------------------------
     0 | D        | emperorscorpion the Octopode Air Elementalist began the quest for the Orb.
     0 | D        | Reached XP level 1. HP: 11/11 MP: 3/3
     8 | D        | Reached skill level 4 in Air Magic
     8 | D        | Reached XP level 2. HP: 17/17 MP: 0/5
    67 | D        | Noticed a crimson imp
    67 | D        | Noticed an ice beast
    79 | D        | Killed an ice beast
    79 | D        | Reached skill level 5 in Spellcasting
    79 | D        | Reached skill level 6 in Air Magic
    79 | D        | Reached XP level 3. HP: 3/21 MP: 1/10
    79 | D        | Reached XP level 4. HP: 4/27 MP: 1/11
    80 | D        | Reached XP level 5. HP: 6/37 MP: 1/13
    88 | D        | Found a roughly hewn altar of Beogh.
    88 | D        | Found a snail-covered altar of Cheibriados.
    88 | D        | Found a shadowy altar of Dithmenos.
    88 | D        | Found a white marble altar of Elyvilon.
    88 | D        | Found a blossoming altar of Fedhas.
    88 | D        | Found an opulent altar of Gozag.
    89 | D        | Found a hazy altar of Hepliaklqana.
    90 | D        | Found a viscous altar of Jiyva.
    91 | D        | Found an ancient bone altar of Kikubaaqudgha.
    92 | D        | Found a corrupted altar of Lugonu.
    93 | D        | Found a burning altar of Makhleb.
    94 | D        | Found a sparkling altar of Nemelex Xobeh.
    95 | D        | Found an iron altar of Okawaru.
    96 | D        | Found a stormy altar of Qazlal.
    97 | D        | Found a sacrificial altar of Ru.
    98 | D        | Found a deep blue altar of Sif Muna.
    99 | D        | Found a bloodstained altar of Trog.
   100 | D        | Found a hide-covered altar of Uskayaw.
   101 | D        | Found a radiant altar of Vehumet.
   102 | D        | Found an ornate altar of the Wu Jian Council.
   103 | D        | Found a shimmering altar of Xom.
   104 | D        | Found a basalt altar of Yredelemnul.
   105 | D        | Found a glowing silver altar of Zin.
   106 | D        | Became a worshipper of Sif Muna the Loreminder
   107 | D        | Found a glowing golden altar of the Shining One.
   139 | D        | Learned a level 2 spell: Swiftness
   145 | D        | Learned a level 5 spell: Lightning Bolt
   150 | D        | Learned a level 4 spell: Airstrike
   356 | D        | Noticed a yak
   356 | D        | Noticed a wraith
   356 | D        | Noticed a sky beast
   356 | D        | Noticed a sky beast
   380 | D        | Killed a sky beast
   380 | D        | Reached * piety under Sif Muna
   380 | D        | Reached skill level 8 in Air Magic
   380 | D        | Reached XP level 6. HP: 43/43 MP: 5/15
   459 | D        | Killed a sky beast
   459 | D        | Reached skill level 9 in Air Magic
   545 | D        | Reached ** piety under Sif Muna
   558 | D        | Killed a wraith
   558 | D        | Reached *** piety under Sif Muna
   558 | D        | Reached skill level 10 in Air Magic
   558 | D        | Reached XP level 7. HP: 48/48 MP: 2/18
   681 | D        | Killed a yak
   681 | D        | Reached skill level 5 in Dodging
   681 | D        | Reached skill level 11 in Air Magic
   749 | D        | Noticed a centaur warrior
   749 | D        | Noticed a meliai
   755 | D        | Killed a meliai
   755 | D        | Reached **** piety under Sif Muna
   755 | D        | Reached XP level 8. HP: 24/54 MP: 21/21
   757 | D        | Reached skill level 12 in Air Magic
   757 | D        | Shot with an arrow by a centaur warrior

Vault maps used:
D:        linesprint

Skill      XL: |  1  2  3  4  5  6  7  8 |
---------------+-------------------------+-----
Air Magic      | 4 6 8 10 11 12 | 12.0
Spellcasting   | 5 6 8 9 |  9.5
Dodging        | 3 4 5 |  5.2
Conjurations   | 2 3 |  3.9
Fighting       | 4 |  4.6
Short Blades   | |  0.8
Stealth        | |  2.6

Action                   |  1- 3 |  4- 6 |  7- 9 || total
-------------------------+-------+-------+-------++-------
Melee: Tentacles         |     3 |       |       ||     3
       Unarmed           |     1 |       |       ||     1
       Constrict         |     1 |       |       ||     1
       Short sword       |     4 |     1 |       ||     5
 Cast: Shock             |     9 |       |     3 ||    12
       Airstrike         |       |     8 |     1 ||     9
       Swiftness         |       |     1 |       ||     1
       Lightning Bolt    |       |       |     2 ||     2
Evoke: Wand              |       |     2 |     5 ||     7
  Use: Potion            |     1 |       |     3 ||     4
 Stab: Sleeping          |     1 |       |       ||     1
Armor: Skin              |     1 |       |       ||     1
Dodge: Dodged            |     5 |       |     7 ||    12

Table legend:
 A = Spawn XP
 B = Non-spawn XP
 C = Spawn XP percentage of total XP
 D = Spawn monster count
 E = Non-spawn monster count
 F = Spawn count percentage of total count
 G = Total turns spent on level
                    A         B        C        D         E        F      G
               +---------+---------+-------+---------+---------+-------+---------
         Total |       0 |    1433 |   0.0 |       0 |      19 |   0.0 |   757
               +---------+---------+-------+---------+---------+-------+---------
             D |       0 |    1433 |   0.0 |       0 |      19 |   0.0 |   757
               +---------+---------+-------+---------+---------+-------+---------
